 Dungeon Crawl Stone Soup version 0.27.1-34-g3ba077fa99 (webtiles) character file.

Game seed: 9016261048803235117

47286 zeram the Severer (level 14, -2/130 HPs)
             Began as a Hill Orc Fighter on Jan 17, 2022.
             Was an Initiate of Gozag.
             Slain by an orc knight (19 damage)
             ... on level 2 of the Orcish Mines.
             The game lasted 00:23:43 (15981 turns).

zeram the Severer (Hill Orc Fighter)               Turns: 15981, Time: 00:23:44

Health: -2/130     AC: 23    Str: 28    XL:     14   Next: 41%
Magic:  23/23      EV: 12    Int:  8    God:    Gozag
Gold:   4491       SH: 18    Dex: 10    Spells: 13/13 levels left

rFire    . . .     SeeInvis .   m - +10 war axe "Itwauc" {drain, rPois Str+4}
rCold    + + .     Faith    .   c - +0 kite shield
rNeg     . . .     Spirit   .   x - +0 plate armour
rPois    +         Reflect  +   P - +1 helmet
rElec    .         Harm     .   y - +1 cloak
rCorr    .         Rampage  .   D - +0 pair of gloves
Will     +....                  (no boots)
Stlth    ..........             u - amulet "Luisocs" {Reflect Drain rC++ Slay+6 SH+5}
HPRegen  0.31/turn              h - ring of magical power
MPRegen  0.18/turn              v - +4 ring of evasion

@: gold aura, studying Necromancy
A: no striking features
a: Renounce Religion, Convert to Beogh, Potion Petition, Call Merchant, Bribe
Branch


You were on level 2 of the Orcish Mines.
You worshipped Gozag.
Gozag was most pleased with you.
You visited 4 branches of the dungeon, and saw 19 of its levels.

You collected 4565 gold pieces.
You paid 74 gold pieces to Gozag.

Inventory:

Hand Weapons
 a - a +0 war axe
 b - a +1 mace of holy wrath
 g - a +2 hand axe of freezing
 k - a +4 morningstar
 m - the +10 war axe "Itwauc" (weapon) {drain, rPois Str+4}
   (You found it on level 6 of the Dungeon)

   A truly terrible weapon, it drains the life of any living foe it strikes.
   Str:       It affects your strength (+4).
   rPois:     It protects you from poison.
 C - a +1 whip of venom
Missiles
 o - 39 poisoned darts (quivered)
Armour
 c - a +0 kite shield (worn)
 x - a +0 plate armour (worn)
 y - a +1 cloak (worn)
 D - a +0 pair of gloves (worn)
 P - a +1 helmet (worn)
Jewellery
 h - a ring of magical power (left hand)
 u - the amulet "Luisocs" (around neck) {Reflect Drain rC++ Slay+6 SH+5}
   (You found it on level 4 of the Dungeon)

   [amulet of reflection]

   It reflects blocked missile attacks.
   Slay:      It affects your accuracy & damage with ranged weapons and melee
   (+6).
   rC:        It greatly protects you from cold.
   Drain:     It drains your maximum health when unequipped.
   SH:        It affects your SH (+5).
 v - a +4 ring of evasion (right hand)
 L - a ring of flight
 M - an amulet of guardian spirit
Wands
 i - a wand of mindburst (18)
 j - a wand of polymorph (4)
 l - a wand of digging (5)
 E - a wand of iceblast (17)
Scrolls
 s - 2 scrolls of amnesia
 F - 2 scrolls of magic mapping
 G - a scroll of holy word
 H - 3 scrolls of teleportation
 I - a scroll of fear
 J - a scroll of fog
 N - a scroll of identify
Potions
 d - 2 potions of might
 e - 6 potions of curing
 f - 2 potions of degeneration
 n - 2 potions of ambrosia
 p - 4 potions of heal wounds
 q - 2 potions of brilliance
 r - 2 potions of attraction
 t - a potion of haste
 w - a potion of mutation
 z - a potion of berserk rage
 A - 3 potions of cancellation
 B - 2 potions of lignification


   Skills:
 + Level 13.7 Fighting
 + Level 19.5 Axes
 + Level 13.6 Armour
 + Level 3.7 Dodging
 + Level 12.4 Shields


You had 13 spell levels left.
You didn't know any spells.
Your spell library contained the following spells:

 Spells                   Type           Power      Damage    Failure   Level
 Sandblast                Erth           0%         2d4       99%         1
 Sting                    Tmut/Pois      0%         1d3       99%         1
 Corpse Rot               Necr/Air       N/A        N/A       99%         2
 Passwall                 Tmut/Erth      0%         N/A       99%         2
 Poisonous Vapours        Pois/Air       0%         N/A       99%         2
 Stone Arrow              Conj/Erth      0%         3d7       100%        3
 Animate Armour           Summ/Erth      0%         N/A       100%        4
 Olgreb's Toxic Radiance  Pois           0%         N/A       100%        4
 Blade Hands              Tmut           0%         N/A       100%        5
 Bolt of Magma            Conj/Fire/Erth 0%         4d4       100%        5
 Freezing Cloud           Conj/Ice/Air   0%         6-21      100%        5
 Lee's Rapid Deconstruct  Erth           0%         3d5*      100%        5
 Summon Forest            Summ/Tloc      0%         N/A       100%        5
 Eringya's Noxious Bog    Tmut/Pois      0%         N/A       100%        6
 Iron Shot                Conj/Erth      0%         9d1       100%        6
 Summon Hydra             Summ           0%         N/A       100%        7
 Shatter                  Erth           0%         3d5*      100%        9


Dungeon Overview and Level Annotations

Branches:
Dungeon (15/15)            Temple (1/1) D:6            Lair (1/6) D:9
    Orc (2/2) D:12         Vaults (0/5) D:13
    Elf: Orc:2       Depths: D:15

Altars:
Ashenzari
Cheibriados
Dithmenos
Elyvilon
Fedhas
Gozag
Hepliaklqana
Kikubaaqudgha
Makhleb
Nemelex Xobeh
Okawaru
Qazlal
Ru
Sif Muna
Trog
Uskayaw
Vehumet
Wu Jian
Xom
Yredelemnul
Zin
The Shining One
Beogh

Shops:
D:14 !:   Orc:2 [


Message History

The sixfirhy barely misses you. The sixfirhy hits you. The sixfirhy shocks you!
The orc knight roars a battlecry!
The orc high priest goes into a battle-frenzy!
The orc high priest prays to Beogh.
The orc high priest shouts, "Surrender to Beogh and we'll let you live!"
The orc knight is no longer distracted by gold.
The sixfirhy completely misses you. x3
The orc knight hits you with a +2 vorpal great sword!!
The orc warrior hits you with a +0 hand axe!
The orc knight hits you with a +1 great sword of holy wrath!!
* * * LOW HITPOINT WARNING * * *
The sixfirhy is distracted by your dazzling golden aura.
The orc knight hits you but does no damage.
The orc warrior hits you but does no damage.
The orc warrior hits you from afar with a +0 trident.
* * * LOW HITPOINT WARNING * * *
The orc knight hits you with a +1 great sword of holy wrath.
* * * LOW HITPOINT WARNING * * *
The orc warrior no longer looks unusually strong.
The orc warlord no longer looks unusually strong.
The orc knight roars a battlecry!
The orcs go into a battle-frenzy!
The orc warrior hits you with a +0 hand axe.
* * * LOW HITPOINT WARNING * * *
The orc warrior hits you from afar with a +0 trident.
* * * LOW HITPOINT WARNING * * *
The orc knight hits you with a +1 great sword of holy wrath!!!
* * * LOW HITPOINT WARNING * * *
You turn to flesh and can move again.
You feel much better. You block the sixfirhy's attack. x2
The sixfirhy barely misses you.
The orc knight hits you with a +2 vorpal great sword!
* * * LOW HITPOINT WARNING * * *
x2 The orc warrior hits you with a +0 hand axe.
* * * LOW HITPOINT WARNING * * *
The orc warrior hits you from afar with a +0 trident.
* * * LOW HITPOINT WARNING * * *
The orc knight hits you with a +1 great sword of holy wrath!!
You die...
Your body crumbles into a pile of gold. ...... ...... .P.... ..... $ ...... .... #.....##... ...3.o.. ..# o3ooo

...# #3o## #..#. ##o@o#
..... #....##...#
##........## ..
###..........#
#.###............. #.
.#...............# ##.#
............#...##### #...
...............###.#.###..
...............##.....##..


You could see an orc warlord (strong), 3 orc knights, an orc high priest
(strong), 2 sixfirhies, a neqoxec (summoned) and 3 orc warriors.

Vanquished Creatures
  Jorgrun (Orc:2)
  An orc warlord (Orc:1)
  A stone giant (D:11)
  An ettin (D:11)
  2 hydras
  4 boulder beetles
  Erica (Orc:1)
  A yaktaur captain (D:11)
  3 centaur warriors
  3 death knights (D:11)
  9 two-headed ogres
  A tengu warrior (D:11)
  A deep troll earth mage (D:11)
  The ghost of JJisdabomb the Magician, a novice DrCj of Dithmenos (D:7)
  5 ugly things
  A deep elf pyromancer (D:14)
  6 orc sorcerers
  2 manticores
  6 cyclopes
  Joseph (D:8)
  4 cane toads (Lair:1)
  A rime drake (shapeshifter) (D:14)
  Psyche (D:8)
  5 komodo dragons
  An efreet (D:14)
  5 trolls
  A slime creature (D:11)
  A shadow (D:12)
  A water elemental (D:14)
  2 wraiths
  7 yaks
  A vampire (D:13)
  2 wyverns
  3 basilisks
  A steam dragon (D:6)
  10 vampire mosquitoes
  3 acid dragons
  3 wargs
  4 water moccasins
  19 orc warriors
  2 black bears
  An ice beast (D:5)
  4 ogres
  A swamp drake (D:9)
  A sky beast (D:7)
  4 wolves (Lair:1)
  12 centaurs
  4 phantoms
  A kobold brigand (D:8)
  2 bullfrogs (Lair:1)
  2 scorpions
  A gnoll sergeant (D:7)
  12 killer bees
  3 wights (D:8)
  2 electric eels (D:14)
  A howler monkey (D:8)
  8 centaur zombies
  A jelly (D:5)
  3 bullfrog zombies (D:5)
  11 orc priests
  A centaur skeleton (D:6)
  2 hounds
  A bullfrog skeleton (D:6)
  13 orc wizards
  2 iguanas
  8 ogre zombies (D:12)
  A hound skeleton (D:5)
  3 gnolls (D:7)
  A river rat (D:4)
  2 adders
  A shadow imp (D:6)
  A white imp (D:7)
  2 ufetubi
  An adder zombie (D:5)
  An adder skeleton (D:4)
  A worm (D:2)
  A dart slug (D:1)
  60 orcs
  8 endoplasms
  6 giant cockroaches
  6 goblins
  3 hobgoblins
  2 jackals (D:1)
  7 kobolds
  6 quokkas
  5 ball pythons
  A ball python skeleton (D:2)
  A ball python zombie (D:2)
  4 bats
  2 frilled lizards
  A goblin skeleton (D:12)
  A goblin zombie (D:12)
  2 hobgoblin skeletons (D:12)
  5 hobgoblin zombies (D:12)
  An orc skeleton (D:12)
  15 orc zombies (D:12)
  A quokka skeleton (D:2)
  7 rats
388 creatures vanquished.

Vanquished Creatures (others)
  2 orcs (Orc:1)
  10 fungi
12 creatures vanquished.

Grand Total: 400 creatures vanquished

Notes
Turn   | Place    | Note
-------+----------+-------------------------------------------
     0 | D:1      | zeram the Hill Orc Fighter began the quest for the Orb.
     0 | D:1      | Reached XP level 1. HP: 19/19 MP: 1/1
   105 | D:1      | Reached skill level 3 in Axes
   105 | D:1      | Reached XP level 2. HP: 27/27 MP: 2/2
   620 | D:1      | Reached XP level 3. HP: 33/33 MP: 3/3
   902 | D:2      | Found an ancient bone altar of Kikubaaqudgha.
  1429 | D:2      | Reached XP level 4. HP: 40/40 MP: 4/4
  1506 | D:4      | You fall into a shaft and drop 2 floors!
  1530 | D:6      | Reached skill level 4 in Axes
  1599 | D:6      | Found a staircase to the Ecumenical Temple.
  1611 | D:6      | Identified the +10 war axe "Itwauc" {drain, rPois Str+4}
  1611 | D:6      | Noticed a scorpion
  1620 | D:6      | Killed a scorpion
  1621 | D:6      | Reached XP level 5. HP: 44/46 MP: 5/5
  1625 | Temple   | Entered the Ecumenical Temple
  1782 | Temple   | Became a worshipper of Gozag Ym Sagoz the Greedy
  1889 | D:6      | Reached skill level 5 in Axes
  2025 | D:6      | Reached XP level 6. HP: 47/52 MP: 6/6
  2290 | D:6      | Noticed a black bear
  2295 | D:6      | Killed a black bear
  2296 | D:6      | Reached skill level 6 in Axes
  2296 | D:6      | Reached skill level 1 in Dodging
  2387 | D:6      | Noticed a steam dragon
  2396 | D:6      | Killed a steam dragon
  2397 | D:6      | Reached skill level 7 in Axes
  2397 | D:6      | Reached skill level 5 in Armour
  2397 | D:6      | Reached XP level 7. HP: 38/60 MP: 7/7
  2574 | D:6      | Reached skill level 5 in Shields
  3146 | D:7      | Reached skill level 8 in Axes
  3146 | D:7      | Reached XP level 8. HP: 28/67 MP: 8/8
  3376 | D:7      | Reached skill level 5 in Fighting
  4024 | D:7      | Found a shimmering blue altar of Sif Muna.
  4024 | D:7      | Found a radiant altar of Vehumet.
  4182 | D:7      | Found a runed translucent door.
  4218 | D:7      | Noticed JJisdabomb's ghost (novice DrCj)
  4219 | D:7      | Noticed a manticore
  4344 | D:7      | Killed a manticore
  4345 | D:7      | Reached skill level 9 in Axes
  4351 | D:7      | Killed JJisdabomb's ghost
  4352 | D:7      | Reached XP level 9. HP: 27/75 MP: 9/9
  4365 | D:7      | Identified a scroll of acquirement
  4365 | D:7      | Acquired a manual of Axes
  4814 | D:5      | Entered Level 5 of the Dungeon
  4875 | D:5      | Found a broken altar of Ashenzari.
  4893 | D:5      | Reached skill level 10 in Axes
  5175 | D:4      | Identified the amulet "Luisocs" {Reflect Drain rC++ Slay+6
                  | SH+5}
  5980 | D:5      | Reached skill level 11 in Axes
  6166 | D:5      | Found a shimmering altar of Xom.
  6167 | D:5      | Found a glowing golden altar of the Shining One.
  6550 | D:8      | Noticed Joseph
  6556 | D:8      | Killed Joseph
  6557 | D:8      | Reached skill level 12 in Axes
  6557 | D:8      | Reached XP level 10. HP: 83/84 MP: 10/10
  6764 | D:8      | Noticed Psyche
  6773 | D:8      | Killed Psyche
  6774 | D:8      | Reached skill level 13 in Axes
  7000 | D:8      | Identified the +5 ring mail of Recklessness {rF+ Will++
                  | Str+6}
  7273 | D:9      | Reached skill level 14 in Axes
  7541 | D:9      | Found a staircase to the Lair.
  7560 | D:9      | Reached skill level 15 in Axes
  7960 | Lair:1   | Entered Level 1 of the Lair of Beasts
  8002 | Lair:1   | Noticed a cane toad
  8008 | Lair:1   | Killed a cane toad
  8014 | Lair:1   | Reached XP level 11. HP: 73/94 MP: 11/11
  8015 | Lair:1   | Reached skill level 16 in Axes
  8268 | Lair:1   | Reached skill level 10 in Armour
  8410 | Lair:1   | Reached skill level 17 in Axes
  8681 | Lair:1   | Noticed a seven-headed hydra
  9005 | D:10     | Entered Level 10 of the Dungeon
  9208 | D:10     | Noticed a two-headed ogre
  9214 | D:10     | Killed a two-headed ogre
  9426 | D:10     | Found a basalt altar of Yredelemnul.
  9962 | D:11     | Noticed a centaur warrior
  9962 | D:11     | Noticed a two-headed ogre
  9963 | D:11     | Noticed a death knight
  9963 | D:11     | Noticed a green ugly thing
  9963 | D:11     | Noticed a death knight
 10272 | D:11     | Killed a two-headed ogre
 10324 | D:11     | Noticed a boulder beetle
 10329 | D:11     | Noticed a yaktaur captain
 10333 | D:11     | Killed a yaktaur captain
 10337 | D:11     | Killed a boulder beetle
 10338 | D:11     | Reached XP level 12. HP: 100/106 MP: 12/12
 10406 | D:11     | Reached skill level 10 in Fighting
 10438 | D:11     | Identified the +3 robe of Ebolaggi {Int+7}
 10485 | D:11     | Noticed a boulder beetle
 10487 | D:11     | Noticed a two-headed ogre
 10518 | D:11     | Killed a two-headed ogre
 10537 | D:11     | Killed a boulder beetle
 10622 | D:11     | Noticed a deep troll earth mage
 10627 | D:11     | Killed a deep troll earth mage
 10754 | D:11     | Killed a death knight
 10755 | D:11     | Reached skill level 18 in Axes
 11005 | D:11     | Killed a death knight
 11031 | D:11     | Noticed a death knight
 11032 | D:11     | Noticed a stone giant
 11043 | D:11     | Killed a stone giant
 11044 | D:11     | Reached skill level 10 in Shields
 11340 | D:11     | Killed a death knight
 11665 | D:11     | Noticed a tengu warrior
 11673 | D:11     | Killed a tengu warrior
 11673 | D:11     | Noticed an ettin
 11676 | D:11     | Killed an ettin
 11902 | D:11     | Killed a centaur warrior
 11903 | D:11     | Reached XP level 13. HP: 116/116 MP: 13/13
 12114 | D:12     | Found a staircase to the Orcish Mines.
 12365 | D:12     | You fall into a shaft and drop 3 floors!
 12365 | D:15     | Entered Level 15 of the Dungeon
 12830 | D:14     | Found Bexof's Book Boutique.
 13183 | D:14     | Found Xipalamp's Distillery.
 13579 | D:13     | Reached skill level 19 in Axes
 13731 | D:13     | Found a gate to the Vaults.
 14364 | D:13     | Identified the +8 war axe "Moeloyc" {speed, rElec Will+}
 14644 | D:13     | Reached XP level 14. HP: 98/129 MP: 14/14
 14966 | Orc:1    | Entered Level 1 of the Orcish Mines
 15112 | Orc:1    | Found a roughly hewn altar of Beogh.
 15431 | Orc:1    | Noticed Erica
 15440 | Orc:1    | Killed Erica
 15657 | Orc:1    | Noticed an orc warlord
 15674 | Orc:1    | Killed an orc warlord
 15835 | Orc:2    | Entered Level 2 of the Orcish Mines
 15923 | Orc:2    | Found Ilomidis's Antique Armour Emporium.
 15955 | Orc:2    | Noticed Jorgrun
 15967 | Orc:2    | Noticed an orc warlord
 15972 | Orc:2    | Killed Jorgrun
 15981 | Orc:2    | Slain by an orc knight

Illustrated notes

Levels and vault maps discovered:
D:1:      wander_arrival_peaceful_grave, layout_loops_ring, serial_glass,
          glass_columns_b, glass_columns_c
D:2:      layout_basic, serial_undead, serial_undead_b, serial_undead_a,
          serial_undead_e, serial_undead_d, basic_altar
D:3:      kennysheep_big_flooded_room, layout_rooms,
          shapermc_ecumenical_altar_notcrosses, dk_vineyard_1,
          hangedman_decor_growths
D:4:      layout_loops_ring, gup_sewer_entry_bowl, minmay_manual_monstrance
D:5:      layout_loops_cross, gammafunk_temple_overflow_statue,
          nicolae_overflow_crystal_walls, kennysheep_small_circle
D:6:      layout_basic, minmay_temple_entry_statues_fountains,
          chequers_arboretum, chequers_serial_rivers_micro_a
D:7:      layout_loops_ring, minitemple, ebering_ghost_inner_flame
D:8:      layout_loops_ring, uniq_joseph, uniq_psyche
D:9:      layout_cave_pools, erik_lair_dragon
D:10:     layout_cave_pools, kennysheep_mini, nrook_mini_backslash
D:11:     minmay_chopped_fan, layout_gridville, grunt_tough_drop
D:12:     layout_gridville, zombieorc2_lemuel, minmay_crystal_box, uniq_urug
D:13:     layout_irregular_city, david_vaults_1, minmay_misc_feat_iff
D:14:     layout_cave_pools, chequers_serial_rivers_marsh, serial_shops,
          shop_coins, nicolae_inconvenience_store
D:15:     hangedman_depths_entry_try_elsewhere_first, layout_loops_cross,
          gauntlet_entry_generic, xom_teletrap_fun, st_stairs_11,
          kennysheep_inner_square, uniq_kirke
Temple:   eino_temple_scatter_basement
Lair:1:   layout_chaotic_city, serial_bayou_shore_b, lemuel_fruit_fields
Orc:1:    layout_diamond_mine, mines1_david, uniq_erica
Orc:2:    grunt_orc_gardens, layout_caves, grunt_orc_garden, grunt_orc_garden,
          grunt_orc_garden, grunt_orc_garden, okawaru_metal_pillars_1_2,
          uniq_jorgrun

Skill      XL: |  1  2  3  4  5  6  7  8  9 10 11 12 13 14 |
---------------+-------------------------------------------+-----
Axes           | 3 4 5 7 8 9 12 15 17 18 19 | 19.5
Fighting       | 4 5 6 8 9 11 13 | 13.7
Armour         | 4 5 8 9 11 12 13 | 13.6
Shields        | 4 5 6 7 8 10 11 12 | 12.4
Dodging        | 1 2 3 |  3.7

Action                   |  1- 3 |  4- 6 |  7- 9 | 10-12 | 13-15 || total
-------------------------+-------+-------+-------+-------+-------++-------
Melee: War axe           |    30 |    37 |   148 |   267 |   289 ||   771
       Hand axe          |    73 |     8 |       |       |       ||    81
       Morningstar       |       |       |       |       |    10 ||    10
  Use: Scroll            |     2 |     2 |     8 |    12 |     3 ||    27
       Potion            |       |       |     1 |     2 |     2 ||     5
 Stab: Distracted        |       |       |     1 |       |     4 ||     5
Armor: Scale mail        |    43 |    22 |    24 |       |       ||    89
       Plate armour      |       |       |     1 |    90 |    80 ||   171
Dodge: Dodged            |    33 |    19 |    57 |    90 |    77 ||   276
Block: Kite shield       |    43 |    37 |    77 |   172 |   179 ||   508
       Reflection        |       |       |     2 |    19 |    13 ||    34
